 Dungeon Crawl Stone Soup version 0.31-a0-188-g5e087ee2ca (webtiles) character file.

Game seed: 12869695283296053373

62 qw the Shooter (level 3, -1/20 HPs)
             Began as a Deep Elf Hunter on June 23, 2023.
             Slain by an orc wizard
             ... wielding a +0 dagger
              (2 damage)
             ... on level 2 of the Dungeon.
             The game lasted 00:00:28 (1281 turns).

qw the Shooter (Deep Elf Hunter)                    Turns: 1281, Time: 00:00:28

Health: -1/20      AC:  7    Str:  5    XL:     3   Next: 85%
Magic:  5/5        EV: 10    Int: 11    God:
Gold:   147        SH:  0    Dex: 23    Spells: 2/2 levels left

rFire   . . .        Y - +0 shortbow
rCold   . . .        (shield currently unavailable)
rNeg    . . .        h - +0 ring mail
rPois   .            (no helmet)
rElec   .            j - +0 cloak
rCorr   .            b - +0 pair of gloves of the Echidna {+Inv Str-5 Int-2 Dex+5}
SInv    .            (no boots)
Will    .....        c - amulet of the acrobat
Stlth   ++           (no ring)
HPRegen 0.23/turn    (no ring)
MPRegen 0.09/turn

%: acrobat
@: no status effects
A: no striking features
a: Evoke Invisibility


You were on level 2 of the Dungeon.
You visited 1 branch of the dungeon, and saw 3 of its levels.

You collected 147 gold pieces.


   Skills:
 - Level 1.5 Fighting
 + Level 7.3 Ranged Weapons
 - Level 2.4 Dodging
 - Level 1.2 Stealth


You had 2 spell levels left.
You didn't know any spells.
Your spell library was empty.

Inventory:

Hand Weapons
 Y - a +0 shortbow (weapon)
Armour
 b - the +0 pair of gloves of the Echidna (worn) {+Inv Str-5 Int-2 Dex+5}
   (You acquired it on level 1 of the Dungeon)

   Str:       It affects your strength (-5).
   Int:       It affects your intelligence (-2).
   Dex:       It affects your dexterity (+5).
   +Inv:      It lets you turn invisible.
 h - a +0 ring mail (worn)
 j - a +0 cloak (worn)
Jewellery
 c - an amulet of the acrobat (around neck)
Wands
 e - a wand of digging (5)
Potions
 a - a potion of curing {unknown}
 g - a potion of attraction {unknown}

Dungeon Overview and Level Annotations

Branches:
Dungeon (3/15)

Altars:


Message History

Something tries to affect you, but you resist.
The orc barely misses you. Something hits you but does no damage.
Something misses you. The orc completely misses you.
Something hits you but does no damage.
You feel less confused. Something misses you. The orc misses you.
You hear some strange, mumbled words.
A puff of flame appears from out of thin air!
The puff of flame misses you.
You shoot an arrow. The arrow hits the orc!
You kill the orc!
Something hits you. Something hits you but does no damage.
You shoot an arrow. Something hits you.
Something hits you but does no damage. x3
You shoot an arrow. Something hits you. Something hits you but does no damage.
You shoot an arrow. Something hits you. Something hits you but does no damage.
You shoot an arrow.
Something hits you but does no damage. x2; Something hits you.
Something hits you but does no damage.
You shoot an arrow. Something hits you. Something hits you but does no damage.
You shoot an arrow.
You hear some strange, mumbled words.
A puff of flame appears from out of thin air!
The puff of flame misses you. Something hits you but does no damage.
You shoot an arrow.
Something hits you but does no damage. x4
You shoot an arrow.
Something hits you but does no damage. x2
You shoot an arrow.
Reactivating autopickup.
You feel a bit more experienced. Something hits you but does no damage.
Deactivating autopickup; reactivate with Ctrl-A.
Your Ranged Weapons skill increases to level 7!
You shoot an arrow. Something hits you. x2
You die...

##.#.## ##.##
##############.#
##########.......#......###
#.......##.#####.#.####....
#.#####....).....#.####.###
#.#####.##..#.........#.#
#.##.......)#.##.#.##.#.#
#.##.##.#.@...##.#......##
#.##.##...){.....#.......#
#.......##.#####.#.##.##.#
###..#####.........##.##.#
#.## ###.............# #.#
#....}...#.###.## #.#
#.%.........##... #.#
#................ #.#
#.....#..#.###...


There were no monsters in sight!

Vanquished Creatures
  An orc wizard (D:2)
  A worm (D:2)
  A dart slug (D:2)
  2 orcs
  3 bats
  3 endoplasms
  A giant cockroach (D:2)
  A goblin (D:2)
  2 hobgoblins
  4 kobolds
  2 quokkas (D:1)
  3 ball pythons
  3 frilled lizards
  A rat (D:1)
28 creatures vanquished.

Notes
Turn   | Place    | Note
-------+----------+-------------------------------------------
     0 | D:1      | qw the Deep Elf Hunter began the quest for the Orb.
     0 | D:1      | Reached XP level 1. HP: 12/12 MP: 3/3
     0 | D:1      | 0 ||| qw: Version: 0.3-a-9-g12657ce
     0 | D:1      | 0 ||| qw: Game counter: 3303
     0 | D:1      | 0 ||| qw: Always use a shield: true
     0 | D:1      | 0 ||| qw: God list: Okawaru
     0 | D:1      | 0 ||| qw: Allow faded altars: false
     0 | D:1      | 0 ||| qw: Do Orc after D:15 true
     0 | D:1      | 0 ||| qw: Do second Lair branch before Depths: true
     0 | D:1      | 0 ||| qw: Lair rune preference: random
     0 | D:1      | 0 ||| qw: Plans: Normal
     0 | D:1      | 0 ||| PLANNING D:1-11
   104 | D:1      | HP: 2/12 [rat (3)]
   198 | D:1      | Reached XP level 2. HP: 12/16 MP: 4/4
   222 | D:1      | Reached skill level 6 in Ranged Weapons
   232 | D:1      | You fall into a shaft and drop 1 floor!
   329 | D:2      | 329 ||| UPGRADING to +0 scale mail.
   339 | D:2      | 339 ||| DROPPING +0 leather armour.
   340 | D:2      | 340 ||| UPGRADING to +0 ring mail.
   350 | D:2      | 350 ||| DROPPING +0 scale mail.
   351 | D:2      | 351 ||| READING scroll labelled JABITOLOCW.
   352 | D:2      | 352 ||| READING scroll labelled FOGGOR MEUD.
   353 | D:2      | 353 ||| READING scroll labelled ILAG GI TAT.
   354 | D:2      | 354 ||| READING scroll labelled ZESUTZ XAXZA.
   355 | D:2      | 355 ||| DROPPING scroll of butterflies.
   691 | D:1      | 691 ||| UPGRADING to +0 pair of gloves.
   696 | D:1      | 696 ||| READING scroll labelled GAYHUE QAOVA.
   697 | D:1      | 697 ||| READING scroll labelled CIKIEP QIJAU.
   697 | D:1      | Identified a scroll of acquirement
   697 | D:1      | 697 ||| ACQUIRING +0 pair of gloves of the Echidna {+Inv
                  | Str-5 Int-2 Dex+5}
   697 | D:1      | Acquired the +0 pair of gloves of the Echidna {+Inv Str-5
                  | Int-2 Dex+5}
   699 | D:1      | 699 ||| UPGRADING to +0 pair of gloves of the Echidna {+Inv
                  | Str-5 Int-2 Dex+5}.
   709 | D:1      | 709 ||| DROPPING +0 pair of gloves.
  1034 | D:2      | Reached XP level 3. HP: 20/20 MP: 5/5
  1240 | D:2      | 1240 ||| UPGRADING to +0 cloak.
  1245 | D:2      | 1245 ||| UPGRADING to amulet of the acrobat.
  1250 | D:2      | 1250 ||| READING scroll labelled SUM NUH NUNE.
  1251 | D:2      | 1251 ||| READING scroll labelled PUZOMU ENAC.
  1252 | D:2      | 1252 ||| READING scroll labelled TAVOISUEBI.
  1264 | D:3      | 1264 ||| STAIRDANCE
  1273 | D:2      | HP: 5/20 [something (3)]
  1275 | D:2      | HP: 2/20 [something (1)]
  1281 | D:2      | Reached skill level 7 in Ranged Weapons
  1281 | D:2      | HP: 1/20 [something (1)]
  1281 | D:2      | Slain by an orc wizard

Levels and vault maps discovered:
D:1:      minmay_arrival_pointy, layout_basic
D:2:      layout_loops_cross, minivault_4, dreamdust_wishing_well
D:3:      layout_basic, lemuel_doored_altar, serial_shops,
          nicolae_shop_statue_plus, nicolae_ecumenical_lake_church, uniq_ijyb,
          uniq_sigmund

Skill      XL: |  1  2  3 |
---------------+----------+-----
Ranged Weapons | 6 7 |  7.3
Fighting       | |  1.5
Dodging        | |  2.4
Stealth        | |  1.2

Action                     || total
---------------------------++-------
   Fire: Shortbow          ||    90
    Use: Scroll            ||     9
 Armour: Leather armour    ||    10
         Ring mail         ||    27
  Dodge: Dodged            ||    37

Table legend:
 A = Non-vault XP
 B = Vault XP
 C = Vault XP percentage of total XP
 D = Non-vault monster count
 E = Vault monster count
 F = Vault count percentage of total count
                 A         B        C        D         E       F
            +---------+---------+-------+---------+---------+-------
      Total |      89 |       0 |   0.0 |      28 |       0 |   0.0
            +---------+---------+-------+---------+---------+-------
        D:1 |      20 |       0 |   0.0 |      11 |       0 |   0.0
        D:2 |      66 |       0 |   0.0 |      16 |       0 |   0.0
        D:3 |       3 |       0 |   0.0 |       1 |       0 |   0.0
            +---------+---------+-------+---------+---------+-------
